 Dungeon Crawl Stone Soup version 0.13-a0-1502-g99810c3 (webtiles) character file.

83 Kae the Chiller (level 2, 0/20 HPs)
             Began as a Gargoyle Ice Elementalist on June 8, 2013.
             Slain by a kobold
             ... wielding a +1,+0 elven short sword
              (4 damage)
             ... on Level 2 of the Dungeon.
             The game lasted 00:01:40 (884 turns).

Kae the Chiller (Gargoyle Ice Elementalist)          Turns: 884, Time: 00:01:40

HP   0/20        AC  2     Str 11      XL: 2   Next: 91%
MP   1/4         EV 12     Int 15      God:
Gold 61          SH  0     Dex 10      Spells:  1 memorised,  3 levels left

Res.Fire  : . . .   See Invis. : .   (no weapon)
Res.Cold  : + . .   Warding    : .   a - +0 robe
Life Prot.: + . .   Conserve   : .   (no shield)
Res.Poison: .       Res.Corr.  : .   (no helmet)
Res.Elec. : .       Clarity    : .   (no cloak)
Sust.Abil.: . .     Spirit.Shd : .   (no gloves)
Res.Mut.  : .       Stasis     : .   (no boots)
Res.Rott. : .       Flight     : .   (no amulet)
Saprovore : . . .                    (no ring)
                                     (no ring)

@: not resistant to hostile enchantments, fairly stealthy
A: fangs 1, talons 2, cold resistance 1, life protection 1, slow metabolism 1,
petrification resistance, petrified 1
a: Self-Petrification


You were on level 2 of the Dungeon.
You were not hungry.

You visited 1 branch of the dungeon, and saw 2 of its levels.

You collected 41 gold pieces.

Inventory:

Armour
 a - a +0 robe (worn)
Comestibles
 d - a bread ration
 f - a choko
 j - a meat ration
Scrolls
 e - a scroll of random uselessness {unknown}
 i - 2 scrolls of remove curse {unknown}
Potions
 c - 2 potions of restore abilities
 g - a potion of flight {unknown}
 h - a potion of magic {unknown}
Books
 b - a book of Frost

   Spells                             Type                      Level
   *Freeze                            Ice                          1
   Throw Frost                        Conjuration/Ice              2
   Ozocubu's Armour                   Charms/Ice                   3
   Throw Icicle                       Conjuration/Ice              4
   Summon Ice Beast                   Ice/Summoning                4
   Condensation Shield                Ice                          4


   Skills:
 - Level 1.7 Dodging
 - Level 2.1 Stealth
 + Level 1.7 Spellcasting
   Level 1.1 Conjurations
 * Level 4.0 Ice Magic


You had 3 spell levels left.
You knew the following spells:

 Your Spells              Type           Power        Failure   Level  Hunger
a - Freeze                Ice            ##..         6%          1    ##.....


Dungeon Overview and Level Annotations

Branches:
Dungeon (2/27)

Altars:
Ashenzari


Innate Abilities, Weirdness & Mutations

You have very sharp teeth.
You have razor-sharp toenails.
Your flesh is cold resistant.
You resist negative energy.
You have a slow metabolism.
You are immune to involuntary petrification.
You can quickly petrify yourself.


Message History

A kobold is nearby!
Casting: Freeze
Confirm with . or Enter, or press ? or * to list all spells.
You can't see any susceptible monsters within range! (Use Z to cast anyway.)
You spend a moment contemplating the meaning of existence.
A kobold is nearby!
The kobold misses you.
You hit the kobold.
The kobold is moderately wounded.
The kobold hits you with an elven short sword.
* * * LOW HITPOINT WARNING * * *
Casting: Freeze
Confirm with . or Enter, or press ? or * to list all spells.
Aiming: Freeze
Press: ? - help, Shift-Dir - straight line, f - kobold
Aim: a kobold, wielding an elven short sword (moderately wounded)
You freeze the kobold.
The kobold is heavily wounded.
The kobold hits you with an elven short sword.
You die...

# # # .... # ..... #
.... # #.#### ...
#### #..?..####.#
#... #.K@.$..# #...
#...)..####### #...
#.##...?##...# #...
#.#....%##...####...
..........'..........
##.#....###...####...
...#.##.# #...# #...
#... ... #...# #...
....... #...# ####


You could see a kobold.

Vanquished Creatures
  5 bats
  A giant cockroach (D:1)
  3 goblins
  4 hobgoblins
  A giant newt (D:1)
  2 kobolds
  4 rats
20 creatures vanquished.

Notes
Turn   | Place    | Note
--------------------------------------------------------------
     0 | D:1      | Kae, the Gargoyle Ice Elementalist, began the quest for the Orb.
     0 | D:1      | Reached XP level 1. HP: 14/14 MP: 3/3
   509 | D:1      | Reached XP level 2. HP: 15/20 MP: 2/4
   827 | D:2      | Found a shattered altar of Ashenzari.
   832 | D:2      | Saw a vision of the Shoals and the Spider Nest.
   832 | D:2      | Noticed a centaur
   832 | D:2      | Noticed a hippogriff
   832 | D:2      | Noticed a mermaid
   832 | D:2      | Noticed a merfolk
   832 | D:2      | Noticed a merfolk
   832 | D:2      | Noticed a redback
   833 | D:2      | Noticed a hippogriff
   834 | D:2      | Noticed a mermaid
   865 | D:2      | Reached skill level 4 in Ice Magic
   884 | D:2      | Slain by a kobold

Action                   || total
-------------------------++-------
Melee: Unarmed           ||    44
 Cast: Freeze            ||    22
 Stab: Sleeping          ||     2
